 Dungeon Crawl Stone Soup version 0.26-a0-665-gefeb406119 (webtiles) character file.

Game seed: 3549388682042875106

15775 timneilson the Protected (level 12, -4/75 HPs)
             Began as a Gargoyle Fighter on Oct 15, 2020.
             Was an Initiate of Gozag.
             Slain by Sonja
             ... wielding a +1 short sword of venom
              (5 damage)
             ... on level 12 of the Dungeon.
             The game lasted 00:31:21 (11006 turns).

timneilson the Protected (Gargoyle Fighter)        Turns: 11006, Time: 00:31:22

Health: -4/75      AC:  0    Str: 24    XL:     12   Next: 30%
Magic:  12/12      EV: 13    Int: 10    God:    Gozag
Gold:   2590       SH:  5    Dex:  9    Spells: 11/11 levels left

rFire    . . .     SeeInvis .   (weapon currently unavailable)
rCold    . . .     Faith    .   (shield currently unavailable)
rNeg     + . .     Spirit   .   (armour currently unavailable)
rPois    ∞         Reflect  +   (helmet currently unavailable)
rElec    .         Harm     .   (cloak currently unavailable)
rCorr    .         Rampage  .   (gloves currently unavailable)
MR       .....                  (boots currently unavailable)
Stlth    +.........             x - amulet of reflection
HPRegen  0.22/turn              (ring currently unavailable)
MPRegen  0.13/turn              (ring currently unavailable)

@: pig-form, barbed spikes, berserk cooldown, slowed
A: small, negative energy resistance 1, petrification resistance, rot immunity,
AC +8
a: Potion Petition, Call Merchant, Bribe Branch, Renounce Religion


You were on level 12 of the Dungeon.
You worshipped Gozag.
Gozag was most pleased with you.
You were a filthy swine.
You visited 1 branch of the dungeon, and saw 12 of its levels.
You visited the Abyss 1 time.
You also visited: Ossuary and Bailey.

You collected 3499 gold pieces.
You paid 909 gold pieces to Gozag.

Inventory:

Hand Weapons
 p - the +8 falchion of the Desolation of Salt {drain, rC+}
   (You found it on level 4 of the Dungeon)

   A truly terrible weapon, it drains the life of those it strikes.
   It protects you from cold.
 F - a +0 demon blade of draining (melded)
Armour
 b - the +0 kite shield of the Hippo (melded) {rC+}
   (You found it on level 5 of the Dungeon)

   It protects you from cold.
 m - the +3 pair of gloves "Tadgh" (melded) {rF+ rN+}
   (You acquired it on level 11 of the Dungeon)

   It protects you from fire.
   It protects you from negative energy.
 s - a +0 plate armour (melded)
 t - a +1 hat of see invisible (melded)
 v - a +0 tower shield
 H - a +0 pair of boots of running (melded)
Jewellery
 q - a +6 ring of dexterity (melded)
 x - an amulet of reflection (around neck)
 C - the ring of Aprocim (melded) {+Fly Str+2 Stlth-}
   (You found it on level 9 of the Dungeon)

   [ring of attention]

   It affects your strength (+2).
   It lets you fly.
   It makes you less stealthy.
Wands
 j - a wand of acid (9)
 k - a wand of random effects (16)
 y - a wand of enslavement (12)
 A - a wand of digging (3)
 B - a wand of polymorph (5)
 I - a wand of iceblast (6)
Scrolls
 c - 3 scrolls of fear
 e - 14 scrolls of remove curse
 g - 2 scrolls of identify
 n - a scroll of blinking
 r - 5 scrolls of teleportation
 u - 2 scrolls of amnesia
 w - 3 scrolls of enchant armour
Potions
 a - a potion of invisibility
 d - 3 potions of might
 h - 9 potions of curing
 i - a potion of mutation
 l - a potion of ambrosia
 o - 2 potions of flight
 z - a potion of magic
 E - a potion of brilliance
Miscellaneous
 G - a lightning rod (4/4)


   Skills:
 + Level 8.5 Fighting
 * Level 9.5 Long Blades
 * Level 11.4 Armour
 * Level 11.4 Shields
 + Level 5.1 Evocations


You had 11 spell levels left.
You didn't know any spells.
Your spell library contained the following spells:

 Spells                   Type           Power        Failure   Level
 Magic Dart               Conj           #...         36%         1
 Confusing Touch          Hex            #.......     75%         3
 Gell's Gravitas          Tloc           #.........   75%         3
 Petrify                  Tmut/Erth      #.......     98%         4
 Metabolic Englaciation   Hex/Ice        #.........   100%        5
 Yara's Violent Unravell  Hex/Tmut       #.........   100%        5


Dungeon Overview and Level Annotations

Branches:
Dungeon (12/15)            Temple (0/1) D:5            Lair (0/6) D:8
Ossuary (visited)          Bailey (visited)
    Orc: D:9-12

Altars:
Dithmenos
Elyvilon
Gozag
Kikubaaqudgha
Nemelex Xobeh
Sif Muna
Uskayaw
Vehumet
Wu Jian
Xom
Zin
The Shining One

Shops:
D:4 ?*[(   D:6 (

Annotations:
D:12 Kirke, Sonja


Innate Abilities, Weirdness & Mutations

You are resistant to torment.
((Your stone body is resilient. (AC +8)))
You are immune to poison.
You resist negative energy. (rN+)
((You are resistant to electric shocks. (rElec)))
((You can survive without breathing.))
You are immune to petrification.
You are immune to rotting.


Message History

Sonja barely misses you. Sonja closely misses you.
Sonja gestures wildly while chanting.
Sonja blinks!
The manticore flicks its tail.
The volley of spikes misses you.
Sonja throws a curare-tipped dart.
The curare-tipped dart hits you.
You see here a curare-tipped dart.
Unknown command.
Sonja closely misses you.
Sonja hits you with a +1 short sword of venom. x2
* * * LOW HITPOINT WARNING * * *
The manticore flicks its tail.
The volley of spikes hits you!!
The barbed spikes become lodged in your body.
* * * LOW HITPOINT WARNING * * *
Sonja says, "I'm academy-trained, you know."
Sonja barely misses you. x2
Sonja hits you with a +1 short sword of venom.
You die...
Your body crumbles into a pile of gold.

#.###....#.#
#.#......#
#.#.#....#
#.......[<.#
####..#........
$
#h$$.....##.#..
#@##..#........
#.##..#K###.#..
#.##H...h...#..
#.#####(####....
#.#####.## .
#........#
#######.## #.#
#.# #.# #.#


You could see a manticore (summoned) and Sonja.

Vanquished Creatures
  An orc warlord (Bailey)
  2 two-headed ogres
  A sixfirhy (D:12)
  3 unseen horrors
  An obsidian statue (D:11)
  Pikel (D:8)
  A rust devil (Abyss:2)
  Psyche (D:12)
  Maggie (D:6)
  3 trolls
  A meliai zombie (D:11)
  A hornet (D:11)
  2 raiju (Abyss:2)
  A large abomination (Abyss:2)
  A wraith (Abyss:2)
  7 yaks
  A basilisk (D:11)
  A hog (D:12)
  An acid dragon (D:11)
  A water moccasin (D:11)
  4 orc warriors
  4 necrophages
  3 ice beasts
  5 phantoms
  3 sky beasts
  9 centaurs
  3 ogres
  5 wolves (D:8)
  A big kobold (D:10)
  A wyvern zombie (D:10)
  Blork the orc (D:5)
  5 bullfrogs
  3 scorpions
  3 killer bees (D:10)
  8 howler monkeys
  4 wights (D:9)
  4 electric eels (D:8)
  2 bullfrog zombies
  6 hounds
  A quasit (D:9)
  3 centaur zombies (Ossuary)
  2 human zombies (Ossuary)
  3 jellies
  A bullfrog skeleton (D:5)
  3 centaur skeletons
  A gnoll shaman (D:4)
  6 orc priests
  Jessica (D:1)
  5 iguanas
  5 orc wizards
  8 worker ants
  2 killer bee zombies
  A big kobold zombie (Ossuary)
  A hound skeleton (D:6)
  2 mummies (Ossuary)
  A howler monkey zombie (D:11)
  7 adders
  10 gnolls
  3 white imps
  2 ufetubi
  An ooze (D:1)
  2 adder zombies (Ossuary)
  An adder skeleton (D:5)
  3 worms
  3 leopard geckos
  27 orcs
  5 giant cockroaches
  9 goblins
  11 hobgoblins
  10 jackals
  30 kobolds
  7 quokkas
  2 ball pythons
  A ball python zombie (D:5)
  7 bats
  3 frilled lizards
  A goblin zombie (Ossuary)
  11 hobgoblin zombies (Ossuary)
  2 jackal zombies
  7 kobold zombies (Ossuary)
  7 orc zombies (Ossuary)
  11 rats
  2 rat zombies (Ossuary)
337 creatures vanquished.

Notes
Turn   | Place    | Note
-------+----------+-------------------------------------------
     0 | D:1      | timneilson the Gargoyle Fighter began the quest for the
                  | Orb.
     0 | D:1      | Reached XP level 1. HP: 14/14 MP: 1/1
    61 | D:1      | Reached XP level 2. HP: 18/19 MP: 2/2
   151 | D:1      | Reached XP level 3. HP: 16/23 MP: 3/3
   647 | D:2      | Noticed Jessica
   661 | D:1      | Killed Jessica
   661 | D:1      | Reached XP level 4. HP: 20/29 MP: 4/4
   762 | D:2      | Found an opulent altar of Gozag.
   778 | D:2      | Became a worshipper of Gozag Ym Sagoz the Greedy
  1292 | D:2      | Reached XP level 5. HP: 16/33 MP: 5/5
  2415 | D:4      | Got a crude falchion
  2416 | D:4      | Noticed an ogre
  2421 | D:3      | Identified the +8 falchion of the Desolation of Salt
                  | {drain, rC+} (You found it on level 4 of the Dungeon)
  2432 | D:4      | Killed an ogre
  2432 | D:4      | Reached XP level 6. HP: 27/38 MP: 6/6
  2555 | D:4      | Found a shadowy altar of Dithmenos.
  2560 | D:4      | Found a shimmering altar of Xom.
  2565 | D:4      | Found a sparkling altar of Nemelex Xobeh.
  2626 | D:4      | Reached skill level 5 in Armour
  2626 | D:4      | Reached skill level 5 in Shields
  2661 | D:4      | Found Edeful's Assorted Antiques.
  2661 | D:4      | Found Naziynna's Magic Scroll Shoppe.
  2662 | D:4      | Found Ediplis's Antique Weapon Shoppe.
  2663 | D:4      | Found Xioteaq's Armour Shoppe.
  2707 | D:4      | Noticed a +0 hand axe
  2709 | D:4      | Found a hide-covered altar of Uskayaw.
  2709 | D:4      | Noticed a +0 hand axe
  2745 | D:4      | Reached XP level 7. HP: 26/43 MP: 7/7
  3001 | D:4      | Found a radiant altar of Vehumet.
  3017 | D:4      | Identified Vehumet's Papyrus of Blows and Bruises
  3023 | D:4      | Found an ancient bone altar of Kikubaaqudgha.
  3025 | D:4      | Found a shimmering blue altar of Sif Muna.
  3489 | D:5      | Entered Level 5 of the Dungeon
  3499 | D:5      | Got a masterwork kite shield
  3500 | D:5      | Identified the +0 kite shield of the Hippo {rC+} (You found
                  | it on level 5 of the Dungeon)
  3791 | D:5      | Reached XP level 8. HP: 48/48 MP: 8/8
  3854 | D:5      | Noticed Blork the orc
  3864 | D:5      | Killed Blork the orc
  3938 | D:5      | Reached skill level 5 in Fighting
  4010 | D:5      | Found an ornate altar of the Wu Jian Council.
  4088 | D:5      | Found a staircase to the Ecumenical Temple.
  4390 | D:6      | Reached skill level 5 in Long Blades
  4702 | D:6      | Noticed Maggie
  4721 | D:6      | Killed Maggie
  5036 | D:6      | Found Anurotz's Antique Weapon Emporium.
  5162 | D:7      | Reached XP level 9. HP: 54/54 MP: 9/9
  5231 | D:7      | Noticed a two-headed ogre
  5248 | D:7      | Killed a two-headed ogre
  5248 | D:7      | Reached skill level 1 in Evocations
  5269 | D:7      | Found a sand-covered staircase.
  5276 | Ossuary  | Entered an ossuary
  5966 | D:7      | Found a white marble altar of Elyvilon.
  6787 | D:8      | Found a white marble altar of Elyvilon.
  6796 | D:8      | Noticed a troll
  6824 | D:8      | Killed a troll
  6824 | D:8      | Reached XP level 10. HP: 44/61 MP: 10/10
  7111 | D:8      | Noticed Pikel
  7119 | D:8      | Killed Pikel
  7220 | D:8      | Found a staircase to the Lair.
  7678 | D:8      | Found a glowing silver altar of Zin.
  7679 | D:8      | Found a glowing golden altar of the Shining One.
  7793 | D:9      | Killed an unseen horror
  7983 | D:9      | Noticed a two-headed ogre
  7993 | D:9      | Killed a two-headed ogre
  7993 | D:9      | Reached skill level 10 in Armour
  7993 | D:9      | Reached XP level 11. HP: 46/67 MP: 11/11
  8106 | D:9      | Got a transparent jade ring
  8107 | D:9      | Identified the ring of Aprocim {+Fly Str+2 Stlth-} (You
                  | found it on level 9 of the Dungeon)
  8375 | D:10     | Entered Level 10 of the Dungeon
  8385 | D:10     | Reached skill level 10 in Shields
  8404 | D:10     | Found a flagged portal.
  8416 | Bailey   | Entered a bailey
  8431 | Bailey   | Noticed an orc warlord
  8549 | Bailey   | Found a runed translucent gate.
  8550 | Bailey   | Found a runed translucent gate.
  8556 | Bailey   | Found a runed translucent gate.
  8688 | Bailey   | Killed an orc warlord
  8719 | Bailey   | Identified 2 scrolls of acquirement
  8719 | Bailey   | Acquired a +0 pair of boots of running
  8720 | Bailey   | Acquired a +0 demon blade of draining
  9698 | D:11     | Noticed an obsidian statue
  9941 | D:11     | Killed an unseen horror
 10225 | D:11     | Killed an unseen horror
 10466 | D:11     | Reached XP level 12. HP: 66/74 MP: 12/12
 10686 | D:11     | Acquired 521 gold pieces
 10688 | D:11     | Acquired a +1 hat of see invisible
 10695 | D:11     | Acquired the +3 pair of gloves "Tadgh" {rF+ rN+}
 10831 | D:12     | Noticed Psyche
 10838 | D:12     | Cast into level 2 of the Abyss (Psyche)
 10922 | Abyss:2  | Reached skill level 5 in Evocations
 10962 | D:12     | Escaped the Abyss
 10964 | D:12     | Noticed Sonja
 10964 | D:12     | Noticed Kirke
 10983 | D:12     | Killed Psyche
 11006 | D:12     | HP: 1/75 [manticore/volley of spikes[Kirke] (19)]
 11006 | D:12     | Slain by Sonja

Illustrated notes

Levels and vault maps discovered:
D:1:      nzn_arrival_crosshair, layout_rooms
D:2:      layout_basic, lemuel_doored_altar, uniq_jessica
D:3:      layout_basic
D:4:      layout_loops_ring, grunt_temple_overflow_magic_moments,
          dancing_weapons_uskayaw, gammafunk_temple_overflow_forgotten,
          minmay_shop_grid_forest
D:5:      layout_loops_ring, lemuel_coloured_pillars_altar,
          minmay_temple_entry_trees, minmay_misc_feat_iff, uniq_blork_the_orc
D:6:      layout_loops_ring, serial_shops, shop, uniq_maggie
D:7:      layout_layer_cave, enter_ossuary_1, elyvilon_altar_3
D:8:      layout_cave_pools, good_gods_temple_1, erik_lair_island, uniq_pikel
D:9:      layout_cave_pools
D:10:     layout_irregular_city, enter_bailey_6
D:11:     layout_roguey, minmay_statue_bubble
D:12:     layout_loops_cross, orc_0_dummy, uniq_kirke, uniq_frances, uniq_sonja,
          uniq_psyche

Skill      XL: |  1  2  3  4  5  6  7  8  9 10 11 12 |
---------------+-------------------------------------+-----
Long Blades    | 2 3 4 5 6 8 9 |  9.5
Armour         | 4 5 6 7 8 10 11 | 11.4
Shields        | 4 5 6 7 8 9 11 | 11.4
Fighting       | 4 5 6 7 8 |  8.5
Evocations     | 2 3 4 5 |  5.1

Action                   |  1- 3 |  4- 6 |  7- 9 | 10-12 || total
-------------------------+-------+-------+-------+-------++-------
Melee: Long sword        |   102 |   152 |       |       ||   254
       Falchion          |       |    37 |   325 |   217 ||   579
       Demon blade       |       |       |       |   415 ||   415
Invok: Potion Petition   |       |       |       |     2 ||     2
 Abil: Evoke Flight      |       |       |       |     2 ||     2
  Use: Scroll            |     5 |     4 |     9 |    12 ||    30
       Potion            |     2 |     1 |     1 |     6 ||    10
 Stab: Distracted        |       |       |     4 |     1 ||     5
Armor: Scale mail        |    71 |    71 |     3 |       ||   145
       Chain mail        |       |       |   120 |    89 ||   209
       Skin              |       |       |     7 |       ||     7
       Plate armour      |       |       |       |   239 ||   239
Dodge: Dodged            |    34 |    48 |    53 |   108 ||   243
Block: Kite shield       |    73 |   116 |   177 |   560 ||   926
       Reflection        |       |       |       |    43 ||    43
       Rpst.: Long sword |     9 |    11 |       |       ||    20
       Falchion          |       |     3 |    16 |     6 ||    25
       Demon blade       |       |       |       |    11 ||    11

Table legend: (Time is in decaauts)
 A = Elapsed time spent in this place.
 B = Non-inter-level travel time spent in this place.
 C = Inter-level travel time spent in this place.
 D = Time resting spent in this place.
 E = Time spent auto-exploring this place.
 F = Levels seen in this place.
 G = Mean time per level.
                   A        B        C        D        E       F      G
               +--------+--------+--------+--------+--------+-----+--------+
         Total |  10943 |  10750 |    193 |    152 |   7697 |  15 |  729.5 |
       Dungeon |  10081 |   9888 |    193 |    152 |   7392 |  12 |  840.1 |
         Abyss |    110 |    110 |      0 |      0 |     18 |   1 |  110.0 |
       Ossuary |    429 |    429 |      0 |      0 |    270 |   1 |  429.0 |
        Bailey |    322 |    322 |      0 |      0 |     16 |   1 |  322.0 |
               +--------+--------+--------+--------+--------+-----+--------+

Top non-repeatable levels by time:
     D:7: 1311 daAuts
    D:11: 1193 daAuts
     D:2: 1155 daAuts
     D:4: 1081 daAuts
     D:8: 947 daAuts
     D:6: 828 daAuts
    D:10: 771 daAuts
     D:5: 768 daAuts
     D:1: 691 daAuts
     D:3: 658 daAuts
     D:9: 624 daAuts
 Ossuary: 429 daAuts
  Bailey: 322 daAuts
 Abyss:2: 110 daAuts
    D:12: 48 daAuts
